 Dungeon Crawl Stone Soup version 0.31-a0-221-gbddc013574 (webtiles) character file.

Game seed: 14109234818640973035

127 qw the Shooter (level 4, -1/36 HPs)
             Began as a Minotaur Hexslinger on July 3, 2023.
             Slain by an iron imp (7 damage)
             ... summoned by Eustachio
             ... on level 3 of the Dungeon.
             The game lasted 00:00:55 (2598 turns).

qw the Shooter (Minotaur Hexslinger)                Turns: 2598, Time: 00:00:56

Health: -1/36      AC:  8    Str: 13    XL:     4   Next: 85%
Magic:  4/4        EV: 11    Int: 10    God:
Gold:   296        SH:  5    Dex: 14    Spells: 4/5 levels left

rFire   . . .        Y - +1 sling
rCold   . . .        (no shield)
rNeg    . . .        d - +0 ring mail
rPois   .            (helmet restricted)
rElec   .            (no cloak)
rCorr   .            g - +1 pair of gloves
SInv    .            f - +0 pair of boots
Will    .....        c - amulet of reflection
Stlth   +            (no ring)
HPRegen 0.26/turn    (no ring)
MPRegen 0.09/turn

%: reflection
@: no status effects
A: horns 2, retaliatory headbutt
a: no special abilities


You were on level 3 of the Dungeon.
You visited 1 branch of the dungeon, and saw 4 of its levels.

You collected 296 gold pieces.


Innate Abilities, Weirdness & Mutations

You have a pair of horns on your head.
You reflexively headbutt those who attack you in melee.


   Skills:
 + Level 2.3 Fighting
 - Level 5.1 Ranged Weapons
 - Level 1.1 Armour
 - Level 2.1 Dodging
 - Level 1.0 Spellcasting
 - Level 2.0 Hexes


You had 4 spell levels left.
You knew the following spells:

 Your Spells              Type           Power      Damage    Failure   Level
a - Slow                  Hex            16%        N/A       32%         1

Your spell library contained the following spells:

 Spells                   Type           Power      Damage    Failure   Level
 Inner Flame              Hex/Fire       2%         N/A       82%         3
 Portal Projectile        Hex/Tloc       4%         N/A       82%         3
 Cause Fear               Hex            2%         N/A       97%         4

Inventory:

Hand Weapons
 Y - a +1 sling (weapon)
Armour
 d - a +0 ring mail (worn)
 f - a +0 pair of boots (worn)
 g - a +1 pair of gloves (worn)
Jewellery
 c - an amulet of reflection (around neck)
Scrolls
 a - a scroll of identify
Potions
 e - a potion of might {unknown}

Dungeon Overview and Level Annotations

Branches:
Dungeon (4/15)
 Temple: D:4-7

Altars:
Zin

Annotations:
D:3 2 runed translucent doors, Eustachio


Message History

You are poisoned.
The adder poisons you!
Eustachio yells, "Perjured traitor, DIE!"
Eustachio hits you with a +2 falchion of holy wrath.
The adder barely misses you. Eustachio barely misses you.
2592 ||| DRINKING potion of heal wounds.
You feel much better.
You feel sick. The adder closely misses you. You furiously retaliate!
You headbutt the adder.
You kill the adder!
You block Eustachio's attack.
You shoot a sling bullet. The sling bullet hits Eustachio.
Eustachio is moderately wounded.
You feel sick.
Eustachio hits you with a +2 falchion of holy wrath.
You shoot a sling bullet.
The sling bullet barely misses Eustachio.
You feel sick. You block Eustachio's attack.
You shoot a sling bullet.
The sling bullet barely misses Eustachio.
You feel sick.
Eustachio mumbles some strange words.
Eustachio barely misses you.
You shoot a sling bullet. The sling bullet hits Eustachio.
Eustachio is heavily wounded.
You feel sick.
You are no longer poisoned.
Eustachio hits you with a +2 falchion of holy wrath!
The iron imp closely misses you. You furiously retaliate!
You headbutt the iron imp. The iron imp completely misses you.
You shoot a sling bullet. The sling bullet hits Eustachio.
Eustachio is heavily wounded.
Eustachio hits you with a +2 falchion of holy wrath.
The iron imp barely misses you.
The iron imp hits you but does no damage.
You shoot a sling bullet.
The sling bullet barely misses Eustachio.
Eustachio hits you with a +2 falchion of holy wrath.
The iron imp hits you!
You die...

#..#....#.#.
#.#####.#...
#.......#..#
#..######..#
#......#####
##############.#
#............#.#####
#.5.########.#......
#.%@@......#.#....(.
#..5##.....#.###....
###.###....#........ #.#
#....#####.... #####.#
##............ #.....#
#...........# ##%###.#
#...........#
##..#########..........#
#..............#########


You could see Eustachio and 2 iron imps.

Vanquished Creatures
  3 gnolls (D:2)
  4 adders
  A worm (D:2)
  A dart slug (D:2)
  9 endoplasms
  A giant cockroach (D:3)
  4 goblins
  7 hobgoblins
  A quokka (D:2)
  6 ball pythons
  7 bats
  A frilled lizard (D:2)
  7 kobolds
  7 rats
59 creatures vanquished.

Notes
Turn   | Place    | Note
-------+----------+-------------------------------------------
     0 | D:1      | qw the Minotaur Hexslinger began the quest for the Orb.
     0 | D:1      | Reached XP level 1. HP: 16/16 MP: 1/1
     0 | D:1      | 0 ||| qw: Version: 0.3-a-40-ge99b1a8
     0 | D:1      | 0 ||| qw: Game counter: 545
     0 | D:1      | 0 ||| qw: Melee chars always use a shield: true
     0 | D:1      | 0 ||| qw: God list: Okawaru
     0 | D:1      | 0 ||| qw: Allow faded altars: false
     0 | D:1      | 0 ||| qw: Do Orc after clearing Dungeon:15 true
     0 | D:1      | 0 ||| qw: Do second Lair branch before Depths: true
     0 | D:1      | 0 ||| qw: Lair rune preference: random
     0 | D:1      | 0 ||| qw: Goals: Normal
     0 | D:1      | 0 ||| PLANNING D:1-11
   164 | D:1      | Reached skill level 3 in Ranged Weapons
   191 | D:1      | Reached XP level 2. HP: 21/23 MP: 2/2
   427 | D:1      | 427 ||| UPGRADING to +0 ring mail.
   437 | D:1      | 437 ||| DROPPING +0 robe.
   438 | D:1      | 438 ||| UPGRADING to +0 pair of boots.
   443 | D:1      | 443 ||| READING 3 scrolls labelled IJETANITZA.
   444 | D:1      | 444 ||| READING 2 scrolls labelled XINGIZ KIODU.
   445 | D:1      | 445 ||| READING 2 scrolls labelled XIUNGU QAJU.
   448 | D:1      | 448 ||| READING scroll labelled GOAVVILAUK.
   449 | D:1      | 449 ||| DROPPING scroll of poison.
   450 | D:1      | 450 ||| DROPPING scroll of fog.
   677 | D:2      | Reached XP level 3. HP: 29/29 MP: 3/3
   789 | D:2      | 789 ||| READING scroll labelled NOUDIL FYUMM.
   809 | D:2      | HP: 6/29 [kobold/+0 dagger (3)]
   810 | D:2      | 810 ||| READING scroll of teleportation.
   949 | D:2      | 949 ||| FLEEEEING.
   952 | D:2      | 952 ||| FLEEEEING.
   953 | D:2      | 953 ||| FLEEEEING.
   954 | D:2      | 954 ||| FLEEEEING.
   955 | D:2      | 955 ||| FLEEEEING.
   956 | D:2      | 956 ||| FLEEEEING.
   957 | D:2      | 957 ||| FLEEEEING.
   958 | D:2      | 958 ||| FLEEEEING.
   959 | D:2      | 959 ||| FLEEEEING.
   961 | D:2      | 961 ||| FLEEEEING.
   962 | D:2      | 962 ||| FLEEEEING.
   963 | D:2      | 963 ||| FLEEEEING.
   995 | D:2      | Reached skill level 4 in Ranged Weapons
   999 | D:2      | Reached skill level 1 in Armour
  1001 | D:2      | HP: 4/29 [gnoll/+0 flail (5)]
  1004 | D:2      | Reached XP level 4. HP: 6/36 MP: 4/4
  1367 | D:2      | 1367 ||| UPGRADING to amulet of reflection.
  1372 | D:2      | 1372 ||| READING 2 scrolls of identify.
  1372 | D:2      | 1372 ||| IDENTIFYING glowing puce potion
  1409 | D:3      | Found a glowing silver altar of Zin.
  1758 | D:3      | Found a large runed translucent door.
  1759 | D:3      | Found a large runed translucent door.
  1964 | D:3      | 1964 ||| READING scroll labelled EHAHASTRUSAC.
  2529 | D:3      | 2529 ||| UPGRADING to +1 pair of gloves.
  2573 | D:4      | Noticed Eustachio
  2580 | D:4      | 2580 ||| STAIRDANCE
  2583 | D:3      | Reached skill level 5 in Ranged Weapons
  2591 | D:3      | HP: 9/36 [adder (2)]
  2591 | D:3      | HP: 4/36 [Eustachio/+2 falchion of holy wrath (5)]
  2592 | D:3      | 2592 ||| DRINKING potion of heal wounds.
  2597 | D:3      | HP: 9/36 [Eustachio/+2 falchion of holy wrath (4)]
  2598 | D:3      | Slain by an iron imp

Levels and vault maps discovered:
D:1:      minmay_arrival_wavy_path, layout_rooms, serial_park_tiny_pond
D:2:      layout_basic, minmay_fractal_squares_gapless_5
D:3:      minmay_recursive_quarters, layout_basic,
          mainiacjoe_overflow_six_doors_small, jmf_multi_god_temple2,
          serial_co_window_serial, co_window_of_opportunity_a,
          co_window_paths_a, co_window_paths_a, co_window_paths_b,
          co_window_of_opportunity_a, co_window_corner_a, co_window_corner_a,
          co_window_cross_2, co_window_broadway_b, co_window_paths_c,
          co_window_2corner, glass_columns_a, glass_columns_b, glass_columns_b
D:4:      layout_cave_pods, kennysheep_mini_moat,
          minmay_temple_entry_antechambers, uniq_eustachio

Skill      XL: |  1  2  3  4 |
---------------+-------------+-----
Ranged Weapons | 3 4 5 |  5.1
Fighting       | 2 |  2.3
Armour         | 1 |  1.1
Dodging        | |  2.1
Spellcasting   | |  1.0
Hexes          | |  2.0

Action                     |  1- 3 |  4- 6 || total
---------------------------+-------+-------++-------
   Fire: Sling             |   106 |    88 ||   194
    Use: Scroll            |     6 |     2 ||     8
         Potion            |       |     1 ||     1
 Armour: Robe              |     1 |       ||     1
         Ring mail         |    22 |    23 ||    45
  Dodge: Dodged            |    34 |    38 ||    72
  Block: Other             |       |    16 ||    16

Table legend:
 A = Non-vault XP
 B = Vault XP
 C = Vault XP percentage of total XP
 D = Non-vault monster count
 E = Vault monster count
 F = Vault count percentage of total count
                 A         B        C        D         E       F
            +---------+---------+-------+---------+---------+-------
      Total |     167 |      15 |   8.2 |      49 |      10 |  16.9
            +---------+---------+-------+---------+---------+-------
        D:1 |      24 |       0 |   0.0 |      16 |       0 |   0.0
        D:2 |      77 |       7 |   8.3 |      15 |       5 |  25.0
        D:3 |      66 |       8 |  10.8 |      18 |       5 |  21.7
            +---------+---------+-------+---------+---------+-------
